 Dungeon Crawl Stone Soup version 0.27-a0-79-gcaaa221d37 (webtiles) character file.

Game seed: 18142298787849746438

9312 kae the Grappler (level 11, -6/81 HPs)
             Began as a Naga Transmuter on Jan 14, 2021.
             Was an Elder of Cheibriados.
             Mangled by a death yak (21 damage)
             ... on level 10 of the Dungeon.
             The game lasted 00:11:43 (14247 turns).

kae the Grappler (Naga Transmuter)                 Turns: 14247, Time: 00:11:44

Health: -6/81      AC:  9    Str: 22    XL:     11   Next: 44%
Magic:  9/23       EV: 16    Int: 25    God:    Cheibriados [****..]
Gold:   845        SH:  0    Dex: 31    Spells: 13/26 levels left

rFire    . . .     SeeInvis +     - Unarmed
rCold    . . .     Faith    .   (shield currently unavailable)
rNeg     . . .     Spirit   .   j - +1 leather armour of Tanai {*Drain Int+4 Dex+4}
rPois    +         Reflect  .   (no helmet)
rElec    .         Harm     .   G - +2 cloak
rCorr    .         Rampage  .   (gloves currently unavailable)
Will     +....                  (no barding)
Stlth    ++........             f - amulet of magic regeneration
HPRegen  0.23/turn              i - +4 ring of evasion
MPRegen  0.43/turn              v - +6 ring of dexterity

@: blade hands (expiring), slightly contaminated, very slow
A: large, see invisible, deformed body, dopey 1, frail 1, poison resistance,
slowness 2, spit poison 1, weak 1, AC +3
a: Spit Poison, End Transformation, Renounce Religion, Bend Time, Temporal
Distortion, Slouch


You were on level 10 of the Dungeon.
You worshipped Cheibriados.
Cheibriados was greatly pleased with you.
You had blades for hands.
You visited 2 branches of the dungeon, and saw 11 of its levels.

You collected 845 gold pieces.

Inventory:

Armour
 j - the +1 leather armour of Tanai (worn) {*Drain Int+4 Dex+4}
   (You found it on level 5 of the Dungeon)

   It affects your intelligence (+4).
   It affects your dexterity (+4).
   It causes draining when unequipped.
 G - a +2 cloak (worn)
Jewellery
 f - an amulet of magic regeneration (around neck)
 i - a +4 ring of evasion (left scythe-like blade)
 v - a +6 ring of dexterity (right scythe-like blade)
 C - an uncursed ring of magical power
Wands
 s - a wand of digging (15)
 u - a wand of enslavement (9)
 x - a wand of iceblast (20)
 A - a wand of paralysis (5)
 B - a wand of flame (10)
Scrolls
 b - 6 scrolls of teleportation
 c - 3 scrolls of identify
 k - 2 scrolls of enchant armour
 p - 2 scrolls of holy word
 t - 5 scrolls of remove curse
 y - 2 scrolls of amnesia
 D - 2 scrolls of magic mapping
Potions
 d - 5 potions of curing
 e - a potion of haste
 g - 2 potions of lignification
 l - 3 potions of heal wounds
 n - a potion of resistance
 o - 4 potions of might
 q - a potion of invisibility
 r - 2 potions of mutation
 w - a potion of ambrosia
 z - a potion of brilliance
 E - 3 potions of attraction


   Skills:
 + Level 3.5 Fighting
 + Level 2.4 Armour
 + Level 3.3 Dodging
 * Level 12.7 Unarmed Combat
 - Level 8.2 Spellcasting
 * Level 4.4 Transmutations
 - Level 3.0 Ice Magic
 - Level 4.0 Poison Magic


You had 13 spell levels left.
You knew the following spells:

 Your Spells              Type           Power        Failure   Level
a - Beastly Appendage     Tmut           64%          16%         1
b - Spider Form           Tmut/Pois      15%          28%         3
c - Ice Form              Ice/Tmut       28%          54%         4
d - Blade Hands           Tmut           16%          73%         5

Your spell library contained the following spells:

 Spells                   Type           Power        Failure   Level
 Sting                    Tmut/Pois      100%         17%         1
 Wereblood                Tmut           32%          19%         2
 Poisonous Vapours        Pois/Air       40%          32%         2
 Ignite Poison            Fire/Tmut/Pois 24%          36%         3
 Animate Skeleton         Necr           20%          38%         1
 Apportation              Tloc           20%          38%         1
 Corona                   Hex            11%          38%         1
 Summon Small Mammal      Summ           40%          38%         1
 Mephitic Cloud           Conj/Pois/Air  16%          50%         3
 Olgreb's Toxic Radiance  Pois           30%          52%         4


Dungeon Overview and Level Annotations

Branches:
Dungeon (10/15)            Temple (1/1) D:5            Lair (0/6) D:10
    Orc: D:9-12

Altars:
Ashenzari
Cheibriados
Dithmenos
Elyvilon
Fedhas
Gozag
Hepliaklqana
Kikubaaqudgha
Makhleb
Nemelex Xobeh
Okawaru
Qazlal
Ru
Sif Muna
Trog
Uskayaw
Vehumet
Wu Jian
Xom
Yredelemnul
Zin
The Shining One
Beogh

Annotations:
D:10 exclusion: ugly thing


Innate Abilities, Weirdness & Mutations

You cannot wear boots.
Your serpentine skin is tough. (AC +3)
You have supernaturally acute eyesight. (SInv)
Armour fits poorly on your strangely shaped body.
Your system is resistant to poisons. (rPois)
You cover ground very slowly.
You can spit poison.
You are dopey. (Int -2)
You are frail. (-10% HP)
You are weak. (Str -2)


Message History

Cheibriados thoroughly appreciates the change of pace.
Your body shudders with the violent release of wild energies!
You feel stupid.
Your transformation is almost over.
You feel less contaminated with magical energies.
The flow of time bends around you. The death yak closely misses you.
You slice the death yak!!
The death yak is moderately wounded.
The death yak barely misses you.
You slice the death yak!!
The death yak is severely wounded.
The death yak closely misses you. The death yak gores you.
You slash the death yak!
The death yak is severely wounded.
The death yak gores you!!
* * * LOW HITPOINT WARNING * * *
You hit the death yak but do no damage. Your slash misses the death yak.
The death yak is severely wounded.
The death yak closely misses you. The death yak gores you!!
You die...

...............
............. ...........
#########+########
#.....#...........
#.....#..)........
#.....#...........
#.$...#...........
#@Y...#...........
########Y...##...###'###
#.....................#.
#.....................#.
#.......).............#.
#......)..(.......W...'. ..
#.................Y..Y#.
....#........<.........)..#.
....#...........?#######'###


You could see 2 death yaks.

Vanquished Creatures
  A two-headed ogre (D:10)
  3 death yaks (D:10)
  Pikel (D:6)
  Maurice (D:9)
  Joseph (D:7)
  Sigmund (D:6)
  3 yaks (D:10)
  Eustachio (D:5)
  Edmund (D:6)
  Duvessa (D:6)
  5 orc warriors
  4 sky beasts
  A water moccasin (D:6)
  A black bear (D:8)
  A hornet zombie (D:8)
  2 necrophages (D:10)
  A phantom (D:3)
  2 ogres
  2 centaurs
  2 big kobolds (D:9)
  5 bullfrogs
  Blork the orc (D:4)
  A wyvern zombie (D:10)
  A wyvern skeleton (D:8)
  5 killer bees (D:7)
  Dowan (D:6)
  2 scorpions
  10 wights
  4 howler monkeys
  2 centaur zombies
  4 hounds
  6 orc priests
  6 jellies
  Crazy Yiuf (D:5)
  A bullfrog skeleton (D:5)
  Jessica (D:3)
  2 iguanas
  7 orc wizards
  6 worker ants
  A hound zombie (D:10)
  3 hound skeletons
  2 mummies (D:10)
  A worker ant zombie (D:9)
  Robin (D:3)
  4 gnolls
  9 adders
  2 white imps
  An ufetubus (D:10)
  9 oozes
  An adder skeleton (D:5)
  An adder zombie (D:9)
  2 worms (D:4)
  2 dart slugs (D:1)
  6 leopard geckos
  39 orcs
  3 giant cockroaches (D:1)
  17 goblins
  10 hobgoblins
  6 jackals
  8 quokkas
  8 bats
  3 frilled lizards
  A jackal skeleton (D:5)
  A jackal zombie (D:5)
  29 kobolds
  A leopard gecko skeleton (D:4)
  9 rats
281 creatures vanquished.

Vanquished Creatures (others)
  4 fungi (D:3)
  9 toadstools (D:3)
  A withered plant (D:10)
14 creatures vanquished.

Grand Total: 295 creatures vanquished

Notes
Turn   | Place    | Note
-------+----------+-------------------------------------------
     0 | D:1      | kae the Naga Transmuter began the quest for the Orb.
     0 | D:1      | Reached XP level 1. HP: 18/18 MP: 3/3
    77 | D:1      | Reached XP level 2. HP: 3/25 MP: 3/5
   624 | D:1      | Reached XP level 3. HP: 12/31 MP: 4/6
   628 | D:1      | Learned a level 3 spell: Spider Form
   979 | D:1      | Reached skill level 1 in Poison Magic
  1972 | D:2      | Reached XP level 4. HP: 32/38 MP: 7/7
  2821 | D:2      | Reached XP level 5. HP: 44/44 MP: 8/8
  2977 | D:3      | Noticed Robin
  3533 | D:3      | Killed Robin
  3586 | D:3      | Found a faded altar of an unknown god.
  3632 | D:4      | Noticed a phantom
  3665 | D:3      | Killed a phantom
  3666 | D:3      | Reached skill level 4 in Unarmed Combat
  3666 | D:3      | Reached XP level 6. HP: 37/51 MP: 8/10
  4628 | D:3      | Found a shimmering altar of Xom.
  4741 | D:3      | Noticed Jessica
  4747 | D:3      | Killed Jessica
  4748 | D:3      | Reached skill level 5 in Unarmed Combat
  4748 | D:3      | Reached XP level 7. HP: 54/57 MP: 9/12
  4941 | D:4      | Learned a level 4 spell: Ice Form
  4947 | D:4      | Learned a level 5 spell: Blade Hands
  4956 | D:4      | Found a broken altar of Ashenzari.
  4957 | D:4      | Found an iron altar of Okawaru.
  4957 | D:4      | Found a radiant altar of Vehumet.
  5115 | D:4      | Noticed Blork the orc
  5121 | D:4      | Killed Blork the orc
  5122 | D:4      | Reached skill level 1 in Ice Magic
  5213 | D:4      | Found an ornate altar of the Wu Jian Council.
  5213 | D:4      | Found a burning altar of Makhleb.
  5397 | D:4      | Found a sparkling altar of Nemelex Xobeh.
  5398 | D:4      | Found an opulent altar of Gozag.
  5523 | D:4      | Found a hazy altar of Hepliaklqana.
  5674 | D:5      | Entered Level 5 of the Dungeon
  5964 | D:5      | Reached skill level 6 in Unarmed Combat
  5965 | D:5      | Reached XP level 8. HP: 9/64 MP: 14/14
  6323 | D:5      | Found a runed translucent door.
  6324 | D:5      | Noticed Crazy Yiuf
  6494 | D:5      | Found a staircase to the Ecumenical Temple.
  6498 | D:5      | Noticed Eustachio
  6515 | D:5      | Killed Eustachio
  6520 | Temple   | Entered the Ecumenical Temple
  6687 | D:5      | Killed Crazy Yiuf
  6688 | D:5      | Reached skill level 7 in Unarmed Combat
  6915 | D:5      | Got a smelly leather armour
  6926 | D:5      | Identified the +1 leather armour of Tanai {*Drain Int+4
                  | Dex+4} (You found it on level 5 of the Dungeon)
  6940 | D:5      | Reached skill level 5 in Spellcasting
  7061 | D:6      | Noticed Pikel
  7082 | D:6      | Killed Pikel
  7083 | D:6      | Reached skill level 8 in Unarmed Combat
  7083 | D:6      | Reached XP level 9. HP: 32/70 MP: 15/17
  7356 | D:6      | Noticed Dowan
  7356 | D:6      | Noticed Duvessa
  7356 | D:6      | Noticed Sigmund
  7381 | D:6      | Killed Dowan
  7644 | D:6      | Killed Sigmund
  7645 | D:6      | Reached skill level 9 in Unarmed Combat
  7805 | D:6      | Killed Duvessa
  8047 | D:6      | Noticed Edmund
  8057 | D:6      | Killed Edmund
  8428 | D:6      | Found an ancient bone altar of Kikubaaqudgha.
  8685 | D:6      | Found a snail-covered altar of Cheibriados.
  8729 | D:6      | Became a worshipper of Cheibriados the Contemplative
  8961 | D:7      | Found a blossoming altar of Fedhas.
  9040 | D:7      | Found a stormy altar of Qazlal.
  9045 | D:7      | Noticed Joseph
  9057 | D:7      | Killed Joseph
  9058 | D:7      | Reached skill level 10 in Unarmed Combat
  9355 | D:7      | Reached * piety under Cheibriados
  9366 | D:7      | Reached XP level 10. HP: 41/79 MP: 17/20
 10051 | D:8      | Reached skill level 11 in Unarmed Combat
 10671 | D:8      | Reached ** piety under Cheibriados
 11822 | D:9      | Noticed Maurice
 11833 | D:9      | Killed Maurice
 12091 | D:9      | Reached skill level 12 in Unarmed Combat
 12413 | D:10     | Entered Level 10 of the Dungeon
 12439 | D:10     | Reached *** piety under Cheibriados
 12454 | D:10     | Reached skill level 1 in Armour
 12580 | D:10     | Found a roughly hewn altar of Beogh.
 12585 | D:10     | Gained mutation: You are weak. (Str -2) [mutagenic glow]
 12615 | D:10     | Gained mutation: You are frail. (-10% HP) [mutagenic glow]
 12951 | D:10     | Reached XP level 11. HP: 26/78 MP: 19/23
 13265 | D:10     | Reached **** piety under Cheibriados
 13436 | D:10     | Noticed a purple ugly thing
 13450 | D:10     | Noticed a two-headed ogre
 13455 | D:10     | Noticed a death yak
 13455 | D:10     | Noticed a death yak
 13456 | D:10     | Noticed a death yak
 13457 | D:10     | Killed a two-headed ogre
 13458 | D:10     | Noticed a death yak
 13458 | D:10     | Noticed a death yak
 13867 | D:10     | Killed a death yak
 13874 | D:10     | Killed a death yak
 13880 | D:10     | HP: 2/81 [death yak (17)]
 14202 | D:10     | Found a staircase to the Lair.
 14241 | D:10     | Killed a death yak
 14241 | D:10     | Gained mutation: You are dopey. (Int -2) [mutagenic glow]
 14247 | D:10     | Mangled by a death yak

Illustrated notes

Levels and vault maps discovered:
D:1:      saegor_arrival_simple_e, layout_loops_ring, minmay_vboxes
D:2:      layout_basic, kennysheep_small_spiral, dk_noncrumbling_4
D:3:      cheibrodos_fertilizer, layout_rooms, general_overflow_altar,
          chequers_ecumenical_altar_twisty, kennysheep_jessica_study,
          uniq_jessica, uniq_robin
D:4:      layout_gridville, grunt_temple_overflow_opulence,
          nicolae_overflow_quartered_altars, amethyst_overflow_temple_binary,
          kennysheep_small_circle, uniq_blork_the_orc
D:5:      layout_rooms, minmay_temple_entry_crystal_x, uniq_crazy_yiuf_cottage,
          uniq_eustachio
D:6:      layout_cave_pods, kennysheep_mini, basic_altar,
          minmay_unpleasant_kobolds, uniq_pikel, uniq_duvessa, uniq_edmund,
          uniq_sigmund
D:7:      layout_rooms, lemuel_doored_altar, fedhas_altar_2, uniq_joseph
D:8:      wander_river, layout_basic, serial_corexii_hall,
          chequers_hall_statues_y, chequers_hall_statues_wall_a
D:9:      layout_small_grid, uniq_maurice
D:10:     layout_grid_maze, dpeg_lair_monsters, special_room [special_room_orc],
          serial_undead, serial_undead_f, serial_undead_d, serial_undead_c,
          serial_undead_c, serial_undead_b, serial_undead_f, serial_undead_a,
          serial_undead_a
Temple:   compressed_dpeg_circular_temple

Skill      XL: |  1  2  3  4  5  6  7  8  9 10 11 |
---------------+----------------------------------+-----
Poison Magic   | 2 3 4 |  4.0
Transmutations | 3 4 |  4.4
Unarmed Combat | 4 5 6 8 10 12 | 12.7
Spellcasting   | 3 4 5 7 8 |  8.2
Ice Magic      | 2 3 |  3.0
Dodging        | 2 3 |  3.3
Fighting       | 2 3 |  3.5
Armour         | 1 2 |  2.4

Action                   |  1- 3 |  4- 6 |  7- 9 | 10-12 || total
-------------------------+-------+-------+-------+-------++-------
Melee: Unarmed           |    70 |   178 |   275 |   259 ||   782
       Headbutt          |     3 |     4 |       |       ||     7
       Punch             |     1 |       |     2 |    10 ||    13
 Cast: Beastly Appendage |     9 |     7 |       |       ||    16
       Spider Form       |       |    18 |    37 |     7 ||    62
       Ice Form          |       |       |       |    23 ||    23
       Blade Hands       |       |       |       |     2 ||     2
Invok: Bend Time         |       |       |       |     2 ||     2
 Abil: Spit Poison       |    20 |    15 |    18 |       ||    53
       End Transformatio |       |       |       |     2 ||     2
Evoke: Wand              |       |       |       |     3 ||     3
  Use: Scroll            |     6 |     6 |     7 |    12 ||    31
       Potion            |       |     1 |       |     2 ||     3
 Stab: Paralysed         |       |       |       |     2 ||     2
Armor: Robe              |    17 |    14 |     8 |       ||    39
       Skin              |       |     9 |     4 |    32 ||    45
       Leather armour    |       |       |     6 |     7 ||    13
Dodge: Dodged            |    44 |   203 |   268 |   186 ||   701

Table legend: (Time is in decaauts)
 A = Elapsed time spent in this place.
 B = Non-inter-level travel time spent in this place.
 C = Inter-level travel time spent in this place.
 D = Time resting spent in this place.
 E = Time spent auto-exploring this place.
 F = Levels seen in this place.
 G = Mean time per level.
                   A        B        C        D        E       F      G
               +--------+--------+--------+--------+--------+-----+--------+
         Total |  17692 |  16944 |    748 |   2368 |  12398 |  11 | 1608.4 |
       Dungeon |  17571 |  16834 |    737 |   2368 |  12294 |  10 | 1757.1 |
        Temple |    121 |    111 |     10 |      0 |    103 |   1 |  121.0 |
               +--------+--------+--------+--------+--------+-----+--------+

Top non-repeatable levels by time:
     D:2: 2149 daAuts
    D:10: 2110 daAuts
     D:6: 2023 daAuts
     D:1: 2021 daAuts
     D:9: 1908 daAuts
     D:8: 1888 daAuts
     D:3: 1625 daAuts
     D:7: 1605 daAuts
     D:5: 1257 daAuts
     D:4: 981 daAuts
  Temple: 121 daAuts
